 Seeded DCSS version 0.29.1-15-g9cfb28693d (webtiles) character file.

Game seed: 16245865983455551772 (custom seed)

1236 Darius099 the Covert (level 8, -11/57 HPs)
             Began as an Octopode Brigand on Mar 11, 2023.
             Was an Initiate of Dithmenos.
             Mangled by an orc warrior
             ... wielding a +0 battleaxe
              (15 damage)
             ... on level 6 of the Dungeon.
             The game lasted 00:07:53 (5725 turns).

Darius099 the Covert (Octopode Brigand)             Turns: 5725, Time: 00:07:53

Health: -11/57     AC:  1    Str: 10    XL:     8   Next: 49%
Magic:  8/8        EV: 13    Int: 25    God:    Dithmenos [......]
Gold:   1231       SH:  0    Dex: 20    Spells: 7/7 levels left

rFire   + . .      SeeInvis .   a - +2 dagger
rCold   . . .      Faith    .   (no shield)
rNeg    + . .      Spirit   .   (helmet restricted)
rPois   .          Reflect  .   r - amulet of regeneration
rElec   .          Harm     .   h - +6 ring of intelligence
rCorr   .          Rampage  .   j - ring "Qoahyuh" {rF+ rN+ Dex+4}
Will    .....                   i - +6 ring of intelligence
Stlth   +++++.....              (no ring)
HPRegen 0.99/turn               (no ring)
MPRegen 0.11/turn               (no ring)
                                (no ring)
                                (no ring)

@: no status effects
A: almost no armour, amphibious, 8 rings, camouflage 1, gelatinous body 1,
(nimble swimmer 1), tentacles
a: Renounce Religion


You were on level 6 of the Dungeon.
You worshipped Dithmenos.
Dithmenos was noncommittal.
You visited 1 branch of the dungeon, and saw 6 of its levels.

You collected 1231 gold pieces.

Inventory:

Hand Weapons
 a - a +2 dagger (weapon)
Missiles
 b - 15 poisoned darts (quivered)
 c - 3 curare-tipped darts
Armour
 w - the +2 shield of Resistance {rF++ rC++ Will++}
   (You acquired it on level 4 of the Dungeon)

   rF:        It greatly protects you from fire.
   rC:        It greatly protects you from cold.
   Will:      It greatly increases your willpower.
Jewellery
 h - a +6 ring of intelligence (left tentacle)
 i - a +6 ring of intelligence (on tentacle)
 j - the ring "Qoahyuh" (right tentacle) {rF+ rN+ Dex+4}
   (You acquired it on level 2 of the Dungeon)

   [ring of protection from fire]

   Dex:       It affects your dexterity (+4).
   rF:        It protects you from fire.
   rN:        It protects you from negative energy.
 r - an amulet of regeneration (around mantle)
 x - a ring of ice
Wands
 o - a wand of roots (14)
 A - a wand of flame (24)
Scrolls
 d - a scroll of acquirement
 g - 5 scrolls of teleportation {unknown}
 l - 5 scrolls of identify {unknown}
 m - a scroll of enchant weapon {unknown}
 n - 2 scrolls of summoning {unknown}
 p - a scroll of noise {unknown}
 q - 2 scrolls of immolation {unknown}
 v - a scroll of silence {unknown}
 y - a scroll of butterflies {unknown}
Potions
 e - a potion of might {unknown}
 f - 2 potions of flight {unknown}
 k - 2 potions of lignification {unknown}
 s - a potion of berserk rage {unknown}
 t - a potion of brilliance {unknown}
 u - a potion of heal wounds {unknown}
 z - a potion of curing


   Skills:
 + Level 5.6 Fighting
 + Level 5.7 Short Blades
 - Level 2.0 Throwing
 - Level 1.0 Dodging
 + Level 9.3 Stealth
 + Level 3.0 Shields


You had 7 spell levels left.
You didn't know any spells.
Your spell library contained the following spells:

 Spells                   Type           Power      Damage    Failure   Level
 Sting                    Tmut/Pois      0%         1d3       14%         1
 Poisonous Vapours        Pois/Air       0%         N/A       21%         2
 Confusing Touch          Hex            0%         N/A       38%         3
 Olgreb's Toxic Radiance  Pois           0%         N/A       80%         4
 Yara's Violent Unravell  Hex/Tmut       0%         3d3       98%         5
 Enfeeble                 Hex            0%         N/A       100%        7
 Chain Lightning          Conj/Air       0%         N/A       100%        9
 Fire Storm               Conj/Fire      0%         5d1       100%        9
 Shatter                  Erth           0%         3d5*      100%        9


Dungeon Overview and Level Annotations

Branches:
Dungeon (6/15)             Temple (0/1) D:5

Altars:
Cheibriados
Dithmenos
Makhleb
Zin

Shops:
D:3 [   D:4 *:[


Innate Abilities, Weirdness & Mutations

You cannot wear most types of armour.
You are amphibious.
You can wear up to eight rings at the same time.
Your skin changes colour to match your surroundings (Stealth+).
Your rubbery body absorbs attacks. (AC +1, EV +1)
((You are camouflaged when in or above water. (Stealth+)))
You have tentacles for arms and can constrict up to eight enemies at once.


Message History

You hit the orc warrior but do no damage.
You squeeze the orc warrior.
The orc warrior is heavily wounded.
You constrict the orc warrior, but do no damage.
An orc comes into view. It is wielding a +0 mace.
The orc warrior barely misses you.
You hit the orc warrior but do no damage.
You squeeze the orc warrior, but do no damage.
The orc warrior is heavily wounded.
You constrict the orc warrior, but do no damage.
The orc warrior hits you with a +0 battleaxe!
You hit the orc warrior but do no damage.
You squeeze the orc warrior.
The orc warrior is heavily wounded.
You constrict the orc warrior.
You hit the orc warrior but do no damage.
The orc warrior is severely wounded.
You constrict the orc warrior, but do no damage.
The orc warrior hits you with a +0 battleaxe!
* * * LOW HITPOINT WARNING * * *
You hit the orc warrior but do no damage.
The orc warrior is severely wounded.
You constrict the orc warrior, but do no damage.
The orc warrior hits you with a +0 battleaxe!
* * * LOW HITPOINT WARNING * * *
You hit the orc warrior but do no damage.
You squeeze the orc warrior.
The orc warrior is severely wounded.
You constrict the orc warrior, but do no damage.
You hit the orc warrior.
The orc warrior is almost dead.
You constrict the orc warrior.
The orc warrior hits you with a +0 battleaxe.
* * * LOW HITPOINT WARNING * * *
You hit the orc warrior but do no damage.
You squeeze the orc warrior, but do no damage.
The orc warrior is almost dead.
You constrict the orc warrior, but do no damage.
The orc warrior hits you with a +0 battleaxe!
You die...

##.# #... #..# # #..#
.# #..###.######
#..#...#....#
#####..#.###....#####
#.oo@).....'....'....
##o#####.###...)#####
# #.##.....'....
#.##.....####.
#.##.....# #.
#.#......# #.
#.#..#'######.
#.##.#.#......
#.##.#.#......


You could see an orc warrior and 2 orcs.

Vanquished Creatures
  Sigmund (D:5)
  A water moccasin (D:6)
  A black bear (D:5)
  An ogre (D:4)
  A centaur (D:5)
  A bullfrog (D:6)
  A necrophage (D:4)
  3 scorpions
  An orc priest (D:3)
  2 hounds (D:5)
  An iron imp (D:4)
  Jessica (D:2)
  2 iguanas
  2 orc wizards (D:3)
  Natasha (twice) (D:3)
  A hound skeleton (D:4)
  5 adders
  A white imp (D:5)
  A dart slug (D:5)
  6 orcs
  6 ball pythons
  3 bats
  8 endoplasms
  A giant cockroach (D:4)
  5 goblins
  8 hobgoblins
  6 kobolds
  4 quokkas
  3 frilled lizards
  7 rats
86 creatures vanquished.

Vanquished Creatures (others)
  A plant (D:3)
1 creature vanquished.

Grand Total: 87 creatures vanquished

Notes
Turn   | Place    | Note
-------+----------+-------------------------------------------
     0 | D:1      | Darius099 the Octopode Brigand began the quest for the Orb.
     0 | D:1      | Reached XP level 1. HP: 14/14 MP: 1/1
   283 | D:1      | Reached XP level 2. HP: 15/19 MP: 2/2
   412 | D:1      | Found a faded altar of an unknown god.
  1301 | D:1      | Reached XP level 3. HP: 25/25 MP: 3/3
  1349 | D:2      | Identified 3 scrolls of acquirement
  1349 | D:2      | Acquired the ring "Qoahyuh" {rF+ rN+ Dex+4}
  1415 | D:2      | Noticed Jessica
  1419 | D:2      | Killed Jessica
  1420 | D:2      | Reached skill level 6 in Stealth
  1420 | D:2      | Reached XP level 4. HP: 30/30 MP: 4/4
  2309 | D:3      | Found Ymmy Ciutu's Antique Armour Shoppe.
  2328 | D:3      | Reached XP level 5. HP: 36/36 MP: 5/5
  2497 | D:3      | Noticed Natasha
  2506 | D:3      | Killed Natasha
  2779 | D:3      | Noticed Natasha
  2792 | D:3      | Killed Natasha
  3002 | D:3      | Reached skill level 7 in Stealth
  3002 | D:3      | Reached XP level 6. HP: 43/43 MP: 6/6
  3075 | D:4      | Found Tuuwolaw's General Store.
  3092 | D:4      | Found Gamycsypi's Antique Armour Boutique.
  3180 | D:4      | Found a snail-covered altar of Cheibriados.
  3225 | D:4      | Found Koenoidu's Book Boutique.
  3299 | D:4      | Found a shadowy altar of Dithmenos.
  3470 | D:4      | Became a worshipper of Dithmenos the Shadowed
  3494 | D:4      | Found a burning altar of Makhleb.
  3504 | D:4      | Reached XP level 7. HP: 33/49 MP: 7/7
  3510 | D:4      | Reached skill level 8 in Stealth
  3792 | D:4      | Acquired the +2 shield of Resistance {rF++ rC++ Will++}
  3792 | D:4      | Found the +2 shield of Resistance {rF++ rC++ Will++}
  3821 | D:5      | Entered Level 5 of the Dungeon
  3865 | D:5      | Reached skill level 1 in Shields
  4037 | D:5      | Found a staircase to the Ecumenical Temple.
  4152 | D:5      | Reached skill level 5 in Fighting
  4152 | D:5      | Reached skill level 5 in Short Blades
  4203 | D:5      | Found a glowing silver altar of Zin.
  4290 | D:5      | Noticed Sigmund
  4314 | D:5      | Killed Sigmund
  4315 | D:5      | Reached XP level 8. HP: 11/55 MP: 8/8
  4378 | D:5      | Reached skill level 9 in Stealth
  5265 | D:6      | Acquired 912 gold pieces
  5725 | D:6      | Mangled by an orc warrior

Illustrated notes

Levels and vault maps discovered:
D:1:      minmay_arrival_hallway, layout_loops_corners, basic_ecumenical_altar,
          minmay_unequal
D:2:      layout_loops_ring, uniq_jessica
D:3:      layout_basic, serial_shops, nicolae_shop_advertising_works
          [nicolae_subvault_shop_adworks], minmay_shallow_snake_nest,
          uniq_natasha
D:4:      layout_rooms, grunt_dithmenos_smoke_and_mirrors,
          makhleb_blood_cavern_becter, slow_altar_1, serial_shops,
          nicolae_square_shop, nicolae_shop_temple_entry_statues_fountains,
          kennysheep_mini_moat, chequers_serial_rivers_large_a,
          minmay_fractal_squares_gapless_5
D:5:      layout_layer_cave, mainiacjoe_overflow_cross_hatched,
          lemuel_temple_firewalk_b, uniq_sigmund
D:6:      layout_basic

Skill      XL: |  1  2  3  4  5  6  7  8 |
---------------+-------------------------+-----
Stealth        | 6 7 8 9 |  9.3
Short Blades   | 3 4 5 |  5.7
Fighting       | 3 4 5 |  5.6
Shields        | 2 3 |  3.0
Throwing       | |  2.0
Dodging        | |  1.0

Action                   |  1- 3 |  4- 6 |  7- 9 || total
-------------------------+-------+-------+-------++-------
Melee: Dagger            |    32 |    84 |    73 ||   189
       Constrict         |     8 |    14 |    10 ||    32
       Tentacles         |     5 |    15 |    25 ||    45
       Punch             |       |       |     1 ||     1
  Use: Scroll            |     1 |       |     2 ||     3
 Stab: Sleeping          |    11 |    20 |     6 ||    37
Armor: Skin              |     1 |     3 |     3 ||     7
Dodge: Dodged            |     8 |    32 |    33 ||    73
